 Dungeon Crawl Stone Soup version 0.24-a0-157-g36218c0 (webtiles) character file.

Game seed: 5789419247745688102

88 Kurtz the Skirmisher (level 4, -3/37 HPs)
             Began as a Mummy Chaos Knight on Mar 4, 2019.
             Was a Plaything of Xom.
             Slain by a scorpion (7 damage)
             ... on level 4 of the Dungeon.
             The game lasted 00:00:51 (629 turns).

Kurtz the Skirmisher (Mummy Chaos Knight)            Turns: 629, Time: 00:00:51

Health: -3/37      AC:  5    Str: 15    XL:     4   Next: 29%
Magic:  4/4        EV: 11    Int: 11    God:    Xom [..*...]
Gold:   65         SH:  0    Dex: 12    Spells: 3/3 levels left

rFire    x . .     SeeInvis .   a - +0 mace (chaos)
rCold    + . .     Gourm    .   (no shield)
rNeg     + + +     Faith    .   b - +2 leather armour
rPois    ∞         Spirit   .   (no helmet)
rElec    .         Reflect  .   (no cloak)
rCorr    +         Harm     .   (no gloves)
MR       .....                  (no boots)
Stlth    +.........             (no amulet)
HPRegen  0.12/turn              c - ring of resist corrosion
MPRegen  0.09/turn              (no ring)

@: no status effects
A: no food or potions, fire vulnerability, cold resistance 1, negative energy
resistance 3, torment resistance, unbreathing
a: Renounce Religion


You were on level 4 of the Dungeon.
You worshipped Xom.
You were a toy of Xom.
You were not hungry.

You visited 1 branch of the dungeon, and saw 4 of its levels.

You collected 65 gold pieces.

Inventory:

Hand Weapons
 a - a +0 mace of chaos (weapon)
 d - a +0 battleaxe
 h - a +0 glaive
Armour
 b - a +2 leather armour (worn)
Jewellery
 c - a ring of resist corrosion (left hand)
Scrolls
 e - 3 scrolls of immolation {unknown}
 f - a scroll of identify {unknown}
 g - 3 scrolls of remove curse {unknown}


   Skills:
 * Level 4.0 Fighting
 * Level 3.4 Maces & Flails
 - Level 1.5 Armour
 * Level 1.2 Dodging


You had 3 spell levels left.
You didn't know any spells.
Your spell library was empty.

Dungeon Overview and Level Annotations

Branches:
Dungeon (4/15)
 Temple: D:4-7

Altars:


Innate Abilities, Weirdness & Mutations

You do not eat or drink.
Your flesh is vulnerable to fire.
You are immune to poison.
Your flesh is cold resistant. (rC+)
You are immune to negative energy. (rN+++)
You are immune to unholy pain and torment.
You can survive without breathing.


Message History

You kill the adder!
Your Fighting skill increases to level 4!
You barely miss the scorpion. The scorpion stings you!
You hit the scorpion. You burn the scorpion.
The scorpion is lightly wounded.
The scorpion stings you!
* * * LOW HITPOINT WARNING * * *
You emit a cloud of colourful smoke!
You are too injured to fight recklessly!
You hit the scorpion. You burn the scorpion.
The scorpion is heavily wounded.
The scorpion stings you but does no damage.
The scorpion stings you.
* * * LOW HITPOINT WARNING * * *
You are too injured to fight recklessly!
You are too injured to fight recklessly!
You hit the scorpion.
The scorpion is severely wounded.
The scorpion stings you!
You die...

## .. .# #.. ..
.# #.. .#.. #.#
.#. #.# .. #.# .#
##.##§# #...@§#
##.##s#
#########.##.#..
#...!............
##.#########.####
#..<# ... #####
...# .. .. .


You could see a scorpion.

Vanquished Creatures
  A hound (D:4)
  3 adders
  An ooze (D:3)
  2 leopard geckos (D:3)
  2 bats (D:3)
  2 giant cockroaches
  7 goblins (D:3)
  3 hobgoblins (D:3)
  A kobold (D:3)
22 creatures vanquished.

Notes
Turn   | Place    | Note
-------+----------+-------------------------------------------
     0 | D:1      | Kurtz the Mummy Chaos Knight began the quest for the Orb.
     0 | D:1      | Reached XP level 1. HP: 18/18 MP: 1/1
    71 | D:3      | Reached XP level 2. HP: 24/24 MP: 2/2
   109 | D:3      | Reached skill level 1 in Dodging
   175 | D:3      | Reached XP level 3. HP: 24/29 MP: 3/3
   462 | D:3      | XOM: harmless Ice miscast
   617 | D:4      | Noticed a scorpion
   619 | D:4      | Reached XP level 4. HP: 26/37 MP: 4/4
   625 | D:4      | Reached skill level 4 in Fighting
   627 | D:4      | XOM: smoke on damage
   629 | D:4      | Slain by a scorpion

Levels and vault maps discovered:
D:1:      dpeg_arrival_pits, layout_loops_corners, minmay_misc_feat_rows
D:2:      layout_loops_cross, nemelex_xobeh_ov_fountains_minmay
D:3:      kennysheep_the_goblin_king, layout_loops_ring
D:4:      layout_basic, portal_sewer_entry_a, uniq_duvessa

Skill      XL: |  1  2  3  4 |
---------------+-------------+-----
Dodging        | 1 |  1.2
Maces & Flails | 3 |  3.4
Fighting       | 4 |  4.0
Armour         | |  1.5

Action                   |  1- 3 |  4- 6 || total
-------------------------+-------+-------++-------
Melee: Mace              |    60 |    10 ||    70
       Glaive            |     5 |       ||     5
 Stab: Sleeping          |     1 |       ||     1
Armor: Leather armour    |    23 |     3 ||    26
Dodge: Dodged            |    34 |     3 ||    37

Table legend:
 A = Non-vault XP
 B = Vault XP
 C = Vault XP percentage of total XP
 D = Non-vault monster count
 E = Vault monster count
 F = Vault count percentage of total count
                 A         B        C        D         E       F
            +---------+---------+-------+---------+---------+-------
      Total |     113 |      13 |  10.3 |      15 |       7 |  31.8
            +---------+---------+-------+---------+---------+-------
        D:2 |       2 |       0 |   0.0 |       1 |       0 |   0.0
        D:3 |      53 |      13 |  19.7 |      12 |       7 |  36.8
        D:4 |      58 |       0 |   0.0 |       2 |       0 |   0.0
            +---------+---------+-------+---------+---------+-------
